 Dungeon Crawl Stone Soup version 0.19-a0-1895-g783e625 (webtiles) character file.

457 Amnesiac the Chopper (level 6, 0/56 HPs)
             Began as a Deep Dwarf Berserker on Oct 18, 2016.
             Was a Believer of Trog.
             Killed from afar by Erica (33 damage)
             ... with a bolt of poison
             ... on level 8 of the Dungeon.
             The game lasted 00:04:12 (1006 turns).

Amnesiac the Chopper (Deep Dwarf Berserker)         Turns: 1006, Time: 00:04:13

Health: 0/56       AC:  8    Str: 26    XL:     6   Next: 77%
Magic:  6/6        EV:  9    Int: 12    God:    Trog [**....]
Gold:   79         SH:  0    Dex: 14    Spells: 0 memorised, 5 levels left

rFire  . . .     SeeInvis .     a - +0 hand axe
rCold  . . .     Gourm    .     o - +0 chain mail
rNeg   . . .     Faith    .     (no shield)
rPois  .         Spirit   .     (no helmet)
rElec  .         Reflect  .     (no cloak)
rCorr  .         Harm     .     (no gloves)
MR     .....                    (no boots)
Stlth  ..........               (no amulet)
                                (no ring)
                                k - ring of flight

@: mighty, brilliant, lethally poisoned (0 -> 0), exhausted, non-regenerating,
slowed, very slow
A: damage resistance, recharge devices, sense surroundings 1, slow regeneration
3
a: Device Recharging, Berserk, Trog's Hand, Burn Spellbooks, Renounce Religion,
Evoke Flight


You were on level 8 of the Dungeon.
You worshipped Trog.
Trog was pleased with you.
You were near starving.

You visited 1 branch of the dungeon, and saw 8 of its levels.

You collected 79 gold pieces.

Inventory:

Hand Weapons
 a - a +0 hand axe (weapon)
Armour
 o - a +0 chain mail (worn)
Jewellery
 k - a ring of flight (left hand)
Wands
 c - a wand of heal wounds (2/9)
Scrolls
 e - a scroll of fog {unknown}
 f - a scroll of random uselessness {unknown}
 i - a scroll of immolation {unknown}
 j - 4 scrolls of identify {unknown}
 m - a scroll of enchant weapon {unknown}
 n - a scroll of magic mapping {unknown}
 p - a scroll of blinking {unknown}
 q - a scroll of amnesia {unknown}
 r - a scroll of remove curse {unknown}
 u - a scroll of enchant armour {unknown}
Potions
 h - a potion of resistance {unknown}
 t - a potion of lignification {unknown}
Comestibles
 b - 2 meat rations
 d - 2 bread rations
 s - 4 chunks of flesh
 w - a beef jerky


   Skills:
 - Level 3.1 Fighting
 + Level 7.9 Axes
 - Level 2.6 Armour
 - Level 2.8 Dodging


You had 5 spell levels left.
You didn't know any spells.

Dungeon Overview and Level Annotations

Branches:
Dungeon (8/15)
 Temple: D:4-7         Lair: D:8-11

Altars:
Uskayaw

Annotations:
D:8 Erica


Innate Abilities, Weirdness & Mutations

You are resistant to damage.
You can recharge devices by infusing magical energy.
You passively map a small area around you.
You do not regenerate.


Message History

Something hits you! Something burns you. Something hits you.
Something burns you.
You slash something!
You hear some strange, mumbled words.
Something tries to affect you, but you resist.
You slash something! Something hits you. Something burns you.
You slash something! Something hits you! Something burns you.
You slash something! Something hits you.
* * * LOW HITPOINT WARNING * * *
Something burns you.
Evoke which item? (* to show all) (? for menu, Esc to quit)
Zapping:
c - a wand of heal wounds (3/9)
Press: ? - help, Shift-Dir - straight line, f - you You feel much better.
This wand has 2 charges left.
You hear some strange, mumbled words.
A bolt of poison appears from out of thin air!
The bolt of poison hits you!
You are poisoned.
Ouch! That really hurt!
You die...

#..# #..# * #..# ,
, #..# ,* * * #..#
#..###.# *
#....?.# ,
##{###############
#@# ####.<.......
*
#.###....########
#...#.#### * *
###.#.# #.#.# ,
#.#.# *** #.#.# *
* #.#.#
#######.#.#


There were no monsters in sight!

Vanquished Creatures
  A black bear (D:7)
  An ogre (D:6)
  A scorpion (D:5)
  A bullfrog zombie (D:8)
  2 crimson imps
  An orc priest (D:6)
  An orc wizard (D:6)
  A worker ant (D:5)
  2 shadow imps (D:5)
  2 adder skeletons
  A leopard gecko (D:7)
  3 orcs
  2 bats (D:3)
  2 giant cockroaches
  3 goblins
  3 hobgoblins
  7 jackals
  3 frilled lizards (D:1)
  A kobold (D:2)
  2 rats (D:3)
40 creatures vanquished.

Notes
Turn   | Place    | Note
-------+----------+-------------------------------------------
     0 | D:1      | Amnesiac the Deep Dwarf Berserker began the quest for the Orb.
     0 | D:1      | Reached XP level 1. HP: 20/20 MP: 1/1
   118 | D:1      | Reached XP level 2. HP: 24/27 MP: 2/2
   484 | D:4      | Found a hide-covered altar of Uskayaw.
   569 | D:4      | Reached XP level 3. HP: 11/34 MP: 3/3
   577 | D:4      | Reached ** piety under Trog
   596 | D:5      | Entered Level 5 of the Dungeon
   626 | D:5      | Noticed a scorpion
   631 | D:5      | Killed a scorpion
   631 | D:5      | Reached skill level 4 in Axes
   631 | D:5      | Reached XP level 4. HP: 31/42 MP: 4/4
   640 | D:5      | Reached skill level 5 in Axes
   709 | D:6      | Reached XP level 5. HP: 34/49 MP: 5/5
   711 | D:6      | Reached skill level 6 in Axes
   741 | D:6      | Noticed an ogre
   748 | D:6      | Killed an ogre
   748 | D:6      | Reached XP level 6. HP: 36/56 MP: 6/6
   804 | D:7      | Reached skill level 7 in Axes
   974 | D:8      | Noticed Erica
  1006 | D:8      | Killed from afar by Erica

Vault maps used:
D:1:      minmay_arrival_widening_spiral_wide
D:2:      lemuel_crystal_altar
D:3:      kennysheep_slug_shrine, bh_walls_and_bars
D:4:      lemuel_crystal_altar, first_bread, hangedman_decor_peaks_small
D:6:      kennysheep_small_square, uniq_blork_the_orc, uniq_prince_ribbit1
D:7:      vehumet_altar_wand_db, kennysheep_little_box, bloody_makhleb
D:8:      good_gods_mini_temple, enter_bailey_3, uniq_erica

Skill      XL: |  1  2  3  4  5  6 |
---------------+-------------------+-----
Fighting       | 3 |  3.1
Axes           | 4 5 6 7 |  7.9
Armour         | |  2.6
Dodging        | |  2.8

Action                   |  1- 3 |  4- 6 || total
-------------------------+-------+-------++-------
Melee: Hand axe          |    73 |   104 ||   177
Invok: Berserk           |     1 |     4 ||     5
       Trog's Hand       |     1 |       ||     1
Evoke: Wand              |       |     3 ||     3
  Use: Potion            |       |     3 ||     3
  Eat: Chunk             |       |     4 ||     4
Armor: Animal skin       |     1 |       ||     1
       Chain mail        |     8 |    46 ||    54
       Ring mail         |     6 |       ||     6
Dodge: Dodged            |    40 |    27 ||    67
